 Dungeon Crawl Stone Soup version 0.22.1-6-g1668fe2 (webtiles) character file.

368 Santreim the Shield-Bearer (level 6, 0/56 HPs)
             Began as a Minotaur Fighter on Jan 27, 2019.
             Slain by an ogre
             ... wielding a +0 giant club
              (4 damage)
             ... on level 4 of the Dungeon.
             The game lasted 00:09:18 (2285 turns).

Santreim the Shield-Bearer (Minotaur Fighter)       Turns: 2285, Time: 00:09:19

Health: 0/56       AC: 20    Str: 28    XL:     6   Next: 41%
Magic:  5/5        EV:  7    Int:  5    God:
Gold:   73         SH: 10    Dex:  9    Spells: 5/5 levels left

rFire    . . .     SeeInvis .   b - +2 mace (protect)
rCold    . . .     Gourm    .   c - +0 shield
rNeg     + . .     Faith    .   e - +1 chain mail
rPois    .         Spirit   .   (helmet restricted)
rElec    .         Reflect  .   j - +0 cloak
rCorr    .         Harm     .   m - +0 pair of gloves
MR       .....                  (no boots)
Stlth    ..........             (no amulet)
HPRegen  0.18/turn              h - ring of positive energy
MPRegen  0.09/turn              (no ring)

@: mighty, protection aura
A: retaliatory headbutt, horns 2
a: no special abilities


You were on level 4 of the Dungeon.
You were not hungry.

You visited 1 branch of the dungeon, and saw 4 of its levels.

You collected 155 gold pieces.
You spent 82 gold pieces at shops.

Inventory:

Hand Weapons
 a - a +0 long sword
 b - a +2 mace of protection (weapon)
Armour
 c - a +0 shield (worn)
 e - a +1 chain mail (worn)
 j - a +0 cloak (worn)
 m - a +0 pair of gloves (worn)
Jewellery
 h - a ring of positive energy (left hand)
Scrolls
 i - 3 scrolls of identify
 k - a scroll of remove curse
Potions
 d - 2 potions of might
 g - a potion of flight
 l - a potion of agility
Comestibles
 f - 8 rations


   Skills:
 + Level 5.0 Fighting
 + Level 3.4 Long Blades
 + Level 4.2 Maces & Flails
 + Level 4.6 Armour
 + Level 1.0 Dodging
 + Level 0.1 Stealth
 + Level 5.0 Shields


You had 5 spell levels left.
You didn't know any spells.
Your spell library was empty.

Dungeon Overview and Level Annotations

Branches:
Dungeon (4/15)
 Temple: D:4-7

Altars:
Gozag

Shops:
D:4 ?

Annotations:
D:4 Eustachio


Innate Abilities, Weirdness & Mutations

You reflexively headbutt those who attack you in melee.
You have a pair of horns on your head.


Message History

The puff of frost hits you!
* * * LOW HITPOINT WARNING * * *
You block the shadow imp's attack.
The shadow imp hits you but does no damage.
The river rat twitches its whiskers.
The river rat bites you but does no damage.
You block the ogre's attack.
You sock the ogre! Your headbutt misses the ogre.
The ogre is moderately wounded.
You block the white imp's attack. You block the shadow imp's attack.
The shadow imp hits you but does no damage.
You block the river rat's attack. The ogre hits you but does no damage.
You block the white imp's attack. The shadow imp barely misses you.
You furiously retaliate!
You headbutt the shadow imp. The shadow imp closely misses you.
You sock the ogre!
The ogre is heavily wounded.
The river rat bites you but does no damage.
The ogre hits you with a giant club.
You die...

#. #..## #...# ##..
##...######..# ....##
##.......##...#
.....##.......o.r..#
#......#####..r..# #
##..o.## ####..# ##
##oo## #..####. ##{r###
##(r..... ##.@5@.####
##....5...
#...O55...###....r....
#.................O...
........####.........5..
##.....## ##...........
#.....# #...........
#.....# #..#####....
#...#..# #.. ###..
#..##.. #. #....


You could see Eustachio, an ogre, a river rat, a white imp, 2 shadow imps and 3
orcs.

Vanquished Creatures
  An ogre (D:3)
  A centaur (D:2)
  A bullfrog skeleton (D:4)
  Jessica (D:3)
  7 adders
  An ooze (D:1)
  4 worms
  5 dart slugs
  4 leopard geckos
  An orc (D:4)
  3 giant cockroaches (D:1)
  10 goblins
  5 hobgoblins
  A kobold (D:2)
  3 quokkas
  8 bats
  2 frilled lizards (D:1)
  7 rats
65 creatures vanquished.

Notes
Turn   | Place    | Note
-------+----------+-------------------------------------------
     0 | D:1      | Santreim the Minotaur Fighter began the quest for the Orb.
     0 | D:1      | Reached XP level 1. HP: 19/19 MP: 0/0
    29 | D:1      | Reached XP level 2. HP: 18/27 MP: 1/1
   353 | D:1      | Reached XP level 3. HP: 34/34 MP: 2/2
   529 | D:2      | Noticed a centaur
   536 | D:2      | Killed a centaur
   536 | D:2      | Reached skill level 1 in Maces & Flails
   536 | D:2      | Reached XP level 4. HP: 41/41 MP: 3/3
   604 | D:2      | Reached XP level 5. HP: 47/47 MP: 4/4
  1849 | D:3      | Noticed Jessica
  1857 | D:3      | Killed Jessica
  1873 | D:3      | Noticed an ogre
  1877 | D:3      | Killed an ogre
  1877 | D:3      | Reached skill level 5 in Shields
  1877 | D:3      | Reached XP level 6. HP: 55/55 MP: 5/5
  2127 | D:4      | Found Niur's Magic Scroll Shop.
  2133 | D:4      | Bought a scroll of enchant armour for 82 gold pieces
  2190 | D:4      | Reached skill level 5 in Fighting
  2190 | D:4      | Reached skill level 1 in Dodging
  2191 | D:4      | Noticed Eustachio
  2203 | D:4      | Found an opulent altar of Gozag.
  2285 | D:4      | Slain by an ogre

Skill      XL: |  1  2  3  4  5  6 |
---------------+-------------------+-----
Fighting       | 4 5 |  5.0
Shields        | 4 5 |  5.0
Armour         | 4 |  4.6
Long Blades    | 3 |  3.4
Maces & Flails | 1 4 |  4.2
Dodging        | 1 |  1.0
Stealth        | |  0.1

Action                   |  1- 3 |  4- 6 || total
-------------------------+-------+-------++-------
Melee: Long sword        |    25 |       ||    25
       Headbutt          |    14 |    18 ||    32
       Mace              |    60 |   105 ||   165
  Use: Scroll            |     3 |     6 ||     9
       Potion            |       |     5 ||     5
  Eat: Ration            |       |     1 ||     1
       Chunk             |       |     1 ||     1
Armor: Scale mail        |     7 |       ||     7
       Chain mail        |    48 |    50 ||    98
       Skin              |       |    38 ||    38
Dodge: Dodged            |    28 |    42 ||    70
Block: Shield            |    51 |    93 ||   144
       Rpst.: Long sword |     3 |       ||     3
